 Dungeon Crawl Stone Soup version 0.23.2-40-g277498a001 (console) character file.

Game seed: 2616257433860400467

280 Hempel the Skirmisher (level 6, -3/56 HPs)
             Began as a Minotaur Fighter on Oct 20, 2019.
             Killed from afar by an orc wizard (8 damage)
             ... with a magic dart
             ... on level 4 of the Dungeon.
             The game lasted 00:05:51 (2289 turns).

Hempel the Skirmisher (Minotaur Fighter)            Turns: 2289, Time: 00:05:51

Health: -3/56      AC:  8    Str: 23    XL:     6   Next: 5%
Magic:  5/5        EV:  7    Int:  5    God:
Gold:   132        SH: 10    Dex:  9    Spells: 5/5 levels left

rFire    . . .     SeeInvis .   a - +1 long sword
rCold    . . .     Gourm    .   c - +0 shield
rNeg     . . .     Faith    .   b - +1 scale mail
rPois    .         Spirit   .   (helmet restricted)
rElec    .         Reflect  .   (no cloak)
rCorr    .         Harm     .   (no gloves)
MR       .....                  (no boots)
Stlth    ..........             (no amulet)
HPRegen  0.18/turn              (no ring)
MPRegen  0.09/turn              (no ring)

@: lethally poisoned (-3 -> -5), about to teleport
A: retaliatory headbutt, horns 2
a: no special abilities


You were on level 4 of the Dungeon.
You were not hungry.

You visited 1 branch of the dungeon, and saw 4 of its levels.

You collected 132 gold pieces.

Inventory:

Hand Weapons
 a - a +1 long sword (weapon)
Armour
 b - a +1 scale mail (worn)
 c - a +0 shield (worn)
 p - a +0 pair of boots
   (You found it on level 3 of the Dungeon)
 u - a +0 pair of gloves
   (You found it on level 3 of the Dungeon)
Jewellery
 f - an uncursed amulet of rage {unknown}
   (You found it on level 2 of the Dungeon)
Wands
 t - a wand of polymorph (8)
   (You found it on level 3 of the Dungeon)
 x - a wand of acid (8)
   (You found it on level 3 of the Dungeon)
Scrolls
 g - a scroll of remove curse {unknown}
 h - a scroll of magic mapping {unknown}
 i - 2 scrolls of teleportation {@r4}
 j - a scroll of amnesia {unknown}
 l - 2 scrolls of identify {unknown}
Potions
 d - a potion of might
 k - a potion of curing {unknown}
 m - a potion of brilliance {unknown}
 n - a potion of heal wounds {unknown}
 q - 2 potions of resistance {unknown}
 s - a potion of lignification {unknown}
Comestibles
 e - 9 rations {!d}
 v - a chunk of flesh


   Skills:
 + Level 5.1 Fighting
 + Level 4.3 Long Blades
 + Level 5.1 Armour
 + Level 5.1 Shields


You had 5 spell levels left.
You didn't know any spells.
Your spell library contained the following spells:

 Spells                   Type           Power        Failure   Level  Hunger
 Animate Skeleton         Necr           N/A          99%         1    ##.....
 Apportation              Tloc           #.....       99%         1    ##.....
 Confusing Touch          Hex            #.....       99%         1    ##.....
 Summon Small Mammal      Summ           #...         99%         1    ##.....


Dungeon Overview and Level Annotations

Branches:
Dungeon (4/15)
 Temple: D:4-7

Altars:
Elyvilon
Makhleb
Qazlal
Wu Jian


Innate Abilities, Weirdness & Mutations

You reflexively headbutt those who attack you in melee.
You have a pair of horns on your head.


Message History

The worker ant poisons you!
A worker ant is nearby!
You barely miss the worker ant. You headbutt the worker ant.
You kill the worker ant!
You have reached level 6!
Your experience leads to an increase in your attributes!
Increase (S)trength, (I)ntelligence, or (D)exterity?
You feel stronger.
You feel sick.
You feel sick.
You feel sick.
You feel sick.
You feel sick.
A worm and an orc priest come into view.
You feel sick.
There are monsters nearby!
An orc and an orc wizard come into view.
The orc wizard is wielding a +2 dagger of speed.
You feel sick.
The orc wizard shouts!
An orc comes into view. It is wielding a +0 dagger.
The orc shouts!
The orc priest calls down the wrath of Beogh upon you.
Pain shoots through your body!
You hit the orc priest.
You feel sick.
The orc priest mumbles some strange prayers to Beogh against you.
Pain shoots through your body!
You feel sick.
The orc wizard mumbles some strange words.
The orc wizard seems to speed up.
The orc priest mumbles some strange prayers to Beogh against you.
Beogh smites you!
* * * LOW HITPOINT WARNING * * *
You feel sick.
The orc priest calls down the wrath of Beogh upon you.
Beogh smites you!
* * * LOW HITPOINT WARNING * * *
As you read the scroll labeled LUFEAWNOIS, it crumbles to dust.
It is a scroll of enchant armour.
Your +0 scale mail glows green for a moment.
As you read the scroll labeled GIHUADGH CAETH, it crumbles to dust.
It is a scroll of enchant weapon.
Your +0 long sword glows red for a moment.
You feel sick.
As you read the scroll labeled ROTHROCWUGEO, it crumbles to dust.
You feel strangely unstable.
It was a scroll of teleportation.
The orc wizard hits you but does no damage.
The orc wizard points at you and mumbles some strange words.
The magic dart hits you!
You die...

#.# ....... #.# #########
..... #.# .........
.....#.# #.# .#......#
....#.# #.# .........
....#.# #.# ........#
#.#.#.# #.#
#.....o.####.#.#.# #.#
#oo..#@#.#.# #.#
###....#o#.#.# #.#
........w....>####.#.###
........o..#........#...#
#####......###.########.#
#...................#
..#.....###.##########
........## #.# .........
..#


You could see a worm, an orc priest and an orc wizard.

Vanquished Creatures
  An ogre (D:3)
  A scorpion (D:2)
  A hound (D:2)
  A worker ant (D:4)
  An adder (D:3)
  3 gnolls (D:3)
  A worm (D:2)
  3 dart slugs
  5 bats
  2 giant cockroaches (D:1)
  6 goblins
  6 hobgoblins
  4 jackals (D:1)
  2 kobolds (D:1)
  4 frilled lizards
  5 rats
46 creatures vanquished.

Notes
Turn   | Place    | Note
-------+----------+-------------------------------------------
     0 | D:1      | Hempel the Minotaur Fighter began the quest for the Orb.
     0 | D:1      | Reached XP level 1. HP: 19/19 MP: 0/0
    55 | D:1      | Reached XP level 2. HP: 24/27 MP: 1/1
   512 | D:1      | Reached XP level 3. HP: 32/33 MP: 2/2
   676 | D:2      | Found a faded altar of an unknown god.
   676 | D:2      | Noticed a scorpion
   684 | D:2      | Killed a scorpion
   684 | D:2      | Reached XP level 4. HP: 17/41 MP: 3/3
  1071 | D:2      | Found a white marble altar of Elyvilon.
  1298 | D:2      | Found a stormy altar of Qazlal.
  1576 | D:2      | Found a burning altar of Makhleb.
  1665 | D:3      | Found an ornate altar of the Wu Jian Council.
  1694 | D:3      | Noticed an ogre
  1701 | D:3      | Killed an ogre
  1701 | D:3      | Reached skill level 5 in Fighting
  1701 | D:3      | Reached XP level 5. HP: 48/48 MP: 4/4
  1840 | D:3      | Reached skill level 5 in Armour
  1840 | D:3      | Reached skill level 5 in Shields
  2270 | D:4      | Reached XP level 6. HP: 46/56 MP: 5/5
  2289 | D:4      | Killed from afar by an orc wizard

Skill      XL: |  1  2  3  4  5 |
---------------+----------------+-----
Armour         | 4 5 |  5.1
Shields        | 4 5 |  5.1
Fighting       | 4 5 |  5.1
Long Blades    | 3 4 |  4.3

Action                   |  1- 3 |  4- 6 || total
-------------------------+-------+-------++-------
Melee: Long sword        |    50 |    55 ||   105
       Headbutt          |     8 |    12 ||    20
  Use: Scroll            |       |     3 ||     3
  Eat: Chunk             |       |     4 ||     4
Armor: Scale mail        |    25 |    12 ||    37
Dodge: Dodged            |    20 |    14 ||    34
Block: Shield            |    29 |    30 ||    59
       Rpst.: Long sword |     8 |     3 ||    11
